 Dungeon Crawl Stone Soup version 0.21.1-1-g345015fe64 (webtiles) character file.

114 GreedyOne the Chopper (level 5, 0/41 HPs)
             Began as a Formicid Fighter on June 14, 2018.
             Killed from afar by Natasha (8 damage)
             ... with a magic dart
             ... on level 2 of the Dungeon.
             The game lasted 00:04:48 (1189 turns).

GreedyOne the Chopper (Formicid Fighter)            Turns: 1189, Time: 00:04:48

Health: 0/41       AC:  9    Str: 22    XL:     5   Next: 18%
Magic:  5/5        EV: 13    Int:  7    God:
Gold:   113        SH: 10    Dex: 15    Spells: 4/4 levels left

rFire    . . .     SeeInvis +   a - +0 war axe
rCold    . . .     Gourm    .   c - +0 shield
rNeg     . . .     Faith    .   b - +0 scale mail
rPois    .         Spirit   .   (helmet unavailable)
rElec    .         Reflect  .   (no cloak)
rCorr    .         Harm     .   (no gloves)
MR       .....                  (no boots)
Stlth    +.........             (no amulet)
HPRegen  0.13/turn              p - +3 ring of protection
MPRegen  0.09/turn              (no ring)

@: agile
A: permanent stasis, dig shafts and tunnels, four strong arms, antennae 3
a: Dig, Shaft Self


You were on level 2 of the Dungeon.
You were very hungry.

You visited 1 branch of the dungeon, and saw 2 of its levels.

You collected 113 gold pieces.

Inventory:

Hand Weapons
 a - a +0 war axe (weapon)
Armour
 b - a +0 scale mail (worn)
 c - a +0 shield (worn)
Jewellery
 p - a +3 ring of protection (left hand)
 s - a cursed amulet of inaccuracy {unknown}
Scrolls
 i - a scroll of identify {unknown}
 j - a scroll of blinking {unknown}
 n - a scroll of immolation {unknown}
 o - a scroll of enchant armour {unknown}
 t - a scroll of remove curse {unknown}
Potions
 d - 2 potions of might
 e - 2 potions of invisibility {unknown}
 g - a potion of lignification {unknown}
 h - a potion of degeneration {unknown}
 k - a potion of curing {unknown}
 l - 2 potions of mutation {unknown}
 m - a potion of agility
 r - a potion of magic {unknown}
 u - a potion of ambrosia {unknown}
Books
 q - a book of Minor Magic

   Spells                             Type                      Level
   a - Magic Dart                     Conjuration                  1
   b - Blink                          Translocation                2
   c - Call Imp                       Summoning                    2
   d - Slow                           Hexes                        2
   e - Conjure Flame                  Conjuration/Fire             3
   f - Mephitic Cloud                 Conjuration/Poison/Air       3
Comestibles
 f - 4 rations


   Skills:
 - Level 3.3 Fighting
 + Level 4.9 Axes
 - Level 3.3 Armour
 - Level 3.6 Shields


You had 4 spell levels left.
You didn't know any spells.

Dungeon Overview and Level Annotations

Branches:
Dungeon (2/15)

Altars:
Elyvilon

Annotations:
D:2 Natasha


Innate Abilities, Weirdness & Mutations

You cannot be hasted, slowed, berserked, paralysed or teleported.
You can dig through walls and to a lower floor.
Your four strong arms can wield two-handed weapons with a shield.
You have a pair of large antennae on your head. (SInv)


Message History

Natasha is almost dead.
Natasha barely misses you. Natasha claws you.
You closely miss Natasha.
Natasha is almost dead.
Natasha stares at you and mumbles some strange words.
The magic dart hits you! You block Natasha's attack.
You closely miss Natasha.
Natasha is almost dead.
Natasha casts a spell at you. The magic dart hits you!
You block Natasha's attack.
You barely miss Natasha.
Natasha is almost dead.
Natasha claws you!
* * * LOW HITPOINT WARNING * * *
It was a potion of agility.
You feel agile all of a sudden. You block Natasha's attack.
Natasha stares at you and mumbles some strange words.
The magic dart hits you!
You die...

######.................
##########..#......#.####..
#.....<.....#.###..#.####..
#####......................
#.####..#.#.##.######..
#.####..#.#..#.# #..
..........#..#.# #..
.#.####..###....# #.. #.#.
#@## #..#.## ##. # ## #h#
##.....######. .Sh...S.#
#...#......... ........#
#..#_#..######
.{#########...#..## #
#...........# #
#...........#######
#..................
#................##


You could see Natasha and an adder.

Vanquished Creatures
  Jessica (D:2)
  Natasha (D:2)
  3 adders (D:2)
  8 bats
  A giant cockroach (D:1)
  3 goblins (D:1)
  7 hobgoblins
  4 jackals (D:1)
  2 ball pythons (D:1)
  3 frilled lizards (D:1)
  2 kobolds
  3 rats (D:1)
38 creatures vanquished.

Notes
Turn   | Place    | Note
-------+----------+-------------------------------------------
     0 | D:1      | GreedyOne the Formicid Fighter began the quest for the Orb.
     0 | D:1      | Reached XP level 1. HP: 18/18 MP: 1/1
   139 | D:1      | Reached XP level 2. HP: 20/24 MP: 2/2
   259 | D:1      | Reached skill level 3 in Axes
   301 | D:1      | Reached XP level 3. HP: 20/29 MP: 3/3
   647 | D:2      | Reached XP level 4. HP: 14/35 MP: 4/4
   649 | D:2      | Reached skill level 4 in Axes
   958 | D:2      | Noticed Natasha
   965 | D:2      | Killed Natasha
  1003 | D:2      | Noticed Jessica
  1019 | D:2      | Killed Jessica
  1019 | D:2      | Reached XP level 5. HP: 35/41 MP: 5/5
  1048 | D:2      | Found a white marble altar of Elyvilon.
  1114 | D:2      | Found a faded altar of an unknown god.
  1180 | D:2      | Noticed Natasha
  1189 | D:2      | Killed from afar by Natasha

Skill      XL: |  1  2  3  4 |
---------------+-------------+-----
Axes           | 3 4 |  4.9
Fighting       | |  3.3
Armour         | |  3.3
Shields        | |  3.6

Action                   |  1- 3 |  4- 6 || total
-------------------------+-------+-------++-------
Melee: War axe           |    77 |    33 ||   110
  Use: Scroll            |       |     1 ||     1
       Potion            |       |     1 ||     1
Armor: Scale mail        |    40 |    13 ||    53
Dodge: Dodged            |    17 |     8 ||    25
Block: Shield            |    33 |    22 ||    55
